 Dungeon Crawl Stone Soup version 0.27-a0-1049-g450f9b2e0d (webtiles) character file.

Game seed: 12937429637596767947

30 kae the Insei (level 2, -3/23 HPs)
             Began as a Demigod Transmuter on Apr 20, 2021.
             Slain by Sigmund
             ... wielding a +0 scythe
              (11 damage)
             ... on level 2 of the Dungeon.
             The game lasted 00:01:16 (1792 turns).

kae the Insei (Demigod Transmuter)                  Turns: 1792, Time: 00:01:17

Health: -3/23      AC:  5    Str: 11    XL:     2   Next: 84%
Magic:  0/7        EV: 12    Int: 15    God:
Gold:   54         SH:  0    Dex: 14    Spells: 4/5 levels left

rFire    . . .     SeeInvis .     - Unarmed
rCold    . . .     Faith    .   (no shield)
rNeg     . . .     Spirit   +   a - +0 robe
rPois    .         Reflect  .   f - +2 helmet
rElec    .         Harm     .   (no cloak)
rCorr    .         Rampage  .   (no gloves)
Will     .....                  (no boots)
Stlth    +.........             c - amulet of guardian spirit
HPRegen  0.07/turn              (no ring)
MPRegen  0.10/turn              (no ring)

@: confused
A: high mp 1, forlorn
a: no special abilities


You were on level 2 of the Dungeon.
You visited 1 branch of the dungeon, and saw 2 of its levels.

You collected 54 gold pieces.

Inventory:

Armour
 a - a +0 robe (worn)
 f - a +2 helmet (worn)
Jewellery
 c - an amulet of guardian spirit (around neck)
Potions
 b - a potion of heal wounds
 d - 2 potions of curing {unknown}
 h - a potion of attraction {unknown}


   Skills:
 + Level 1.1 Fighting
 + Level 2.0 Dodging
 * Level 3.1 Unarmed Combat
 + Level 2.0 Spellcasting
 * Level 2.3 Transmutations


You had 4 spell levels left.
You knew the following spells:

 Your Spells              Type           Power      Damage    Failure   Level
a - Beastly Appendage     Tmut           16%        N/A       9%          1

Your spell library contained the following spells:

 Spells                   Type           Power      Damage    Failure   Level
 Wereblood                Tmut           8%         N/A       13%         2
 Spider Form              Tmut/Pois      2%         N/A       38%         3
 Ice Form                 Ice/Tmut       5%         N/A       80%         4
 Hydra Form               Tmut           4%         N/A       93%         5


Dungeon Overview and Level Annotations

Branches:
Dungeon (2/15)

Shops:
D:1 :

Annotations:
D:2 Sigmund


Innate Abilities, Weirdness & Mutations

Your attributes grow dramatically as you level up.
You have an increased reservoir of magic. (+10% MP)
You shall have no god before yourself.


Message History

You hit the kobold.
You kill the kobold!
Your transformation is almost over.
Things that are here:
a +1 short sword of flaming; 5 stones; a kobold corpse Your horns disappear.
Your talons disappear.
Your +2 helmet unmelds from your body.
Key pressed, stopping explore.
Sigmund the Dreaded comes into view.
He is wielding a +0 scythe.
Sigmund shouts!
Sigmund casts a spell at himself.
Sigmund flickers and vanishes!
Deactivating autopickup; reactivate with Ctrl-A.
There is a strange disturbance nearby!
There is a strange disturbance nearby!
You aren't carrying any scrolls.
Okay, then.
You aren't carrying any items that you can evoke.
You hear some strange, mumbled words.
You are confused.
Something barely misses you. Something hits you.
You bump into the rock wall.
Something hits you!
You're too confused to move!
You feel less confused. Something barely misses you.
Okay, then.
You feel much better. Something completely misses you. Something hits you!
A magic dart appears from out of thin air!
The magic dart hits you.
You are confused.
You bump into the rock wall.
You're too confused to move!
You hear some strange, mumbled words.
You are more confused.
A magic dart appears from out of thin air!
The magic dart hits you. Something hits you!
You die...

.# ######.## ......>
..... # #...#.# #.
#.... ###. #..#### ...
#@....# ###
#.#######...#.### #..
#.......{...#..<#
#.#####...######..#####
#.#.................#
#.#.#####.#..###..#.#
#.#.# #....# #..#.#
#.#.# ##...###..#.#
#)#.# #........#.#


There were no monsters in sight!

Vanquished Creatures
  A dart slug (D:2)
  3 bats (D:1)
  2 endoplasms (D:1)
  4 giant cockroaches (D:1)
  3 goblins (D:1)
  A hobgoblin (D:1)
  A quokka (D:1)
  2 ball pythons
  3 frilled lizards (D:1)
  3 kobolds
  2 rats (D:1)
25 creatures vanquished.

Notes
Turn   | Place    | Note
-------+----------+-------------------------------------------
     0 | D:1      | kae the Demigod Transmuter began the quest for the Orb.
     0 | D:1      | Reached XP level 1. HP: 15/15 MP: 5/5
    94 | D:1      | Reached skill level 1 in Fighting
   491 | D:1      | Reached XP level 2. HP: 20/23 MP: 5/7
   672 | D:1      | Reached skill level 3 in Unarmed Combat
   682 | D:1      | Found Biychos's Book Shoppe.
  1751 | D:2      | Noticed Sigmund
  1792 | D:2      | Slain by Sigmund

Illustrated notes

Levels and vault maps discovered:
D:1:      scummos_arrival_simple_fountains, layout_basic,
          hellmonk_ecumenical_altar_heavens_door, serial_shops,
          nicolae_shop_trees, chequers_serial_rivers_marsh, minivault_19
D:2:      layout_basic, uniq_sigmund, uniq_robin

Skill      XL: |  1  2 |
---------------+-------+-----
Fighting       | 1 |  1.1
Transmutations | 2 |  2.3
Unarmed Combat | 3 |  3.1
Dodging        | 2 |  2.0
Spellcasting   | 2 |  2.0

Action                   || total
-------------------------++-------
Melee: Unarmed           ||    71
       Kick              ||    12
       Headbutt          ||     7
       Punch             ||     1
 Cast: Beastly Appendage ||    19
  Use: Scroll            ||     3
       Potion            ||     1
 Stab: Sleeping          ||     2
Armor: Robe              ||    19
Dodge: Dodged            ||    48

Table legend: (Time is in decaauts)
 A = Elapsed time spent in this place.
 B = Non-inter-level travel time spent in this place.
 C = Inter-level travel time spent in this place.
 D = Time resting spent in this place.
 E = Time spent auto-exploring this place.
 F = Levels seen in this place.
 G = Mean time per level.
                   A        B        C        D        E       F      G
               +--------+--------+--------+--------+--------+-----+--------+
         Total |   1788 |   1716 |     72 |    175 |   1310 |   2 |  894.0 |
       Dungeon |   1788 |   1716 |     72 |    175 |   1310 |   2 |  894.0 |
               +--------+--------+--------+--------+--------+-----+--------+

Top non-repeatable levels by time:
     D:1: 1358 daAuts
     D:2: 430 daAuts
